 Dungeon Crawl Stone Soup version 0.30-a0-737-gf23d94013f (webtiles) character file.

Game seed: 15743268440508215597

18622 cforsyth the Skirmisher (level 12, 0/65 HPs)
             Began as a Spriggan Hunter on Feb 3, 2023.
             Was a High Priest of Dithmenos.
             Slain by a white ugly thing (27 damage)
             ... on level 11 of the Dungeon.
             The game lasted 00:46:13 (15994 turns).

cforsyth the Skirmisher (Spriggan Hunter)          Turns: 15994, Time: 00:46:14

Health: 0/65       AC:  9    Str:  7    XL:     12   Next: 29%
Magic:  13/13      EV: 33    Int: 12    God:    Dithmenos [*****.]
Gold:   825        SH:  0    Dex: 22    Spells: 11/11 levels left

rFire   . . .      SeeInvis +    a - +0 shortbow
rCold   . . .      Faith    .    (shield currently unavailable)
rNeg    . . .      Spirit   .    N - +1 troll leather armour
rPois   .          Reflect  .    (helmet restricted)
rElec   .          Harm     .    (no cloak)
rCorr   .          Rampage  .    (gloves unavailable)
Will    ++...                    (boots unavailable)
Stlth   +++                      d - amulet of the acrobat
HPRegen 1.10/turn                k - +5 ring of evasion
MPRegen 0.13/turn                q - +4 ring of protection

@: wreathed by umbra, very quick
A: very small, no large weapons, unfitting armour, see invisible, speed 3
a: Renounce Religion, Shadow Step, Shadow Form


You were on level 11 of the Dungeon.
You worshipped Dithmenos.
Dithmenos was extremely pleased with you.
You visited 1 branch of the dungeon, and saw 11 of its levels.
You also visited: Sewer.

You collected 885 gold pieces.
You spent 60 gold pieces at shops.

Inventory:

Hand Weapons
 a - a +0 shortbow (weapon)
 b - a +5 eveningstar
Missiles
 E - a throwing net
Armour
 c - a +0 robe
 N - a +1 troll leather armour (worn)
Jewellery
 d - an amulet of the acrobat (around neck)
 k - a +5 ring of evasion (left hand)
 p - a +6 ring of strength
 q - a +4 ring of protection (right hand)
 r - an amulet of regeneration
 z - an amulet of faith
 F - a ring of ice
 I - an amulet of reflection
 K - a ring of protection from cold
 M - a ring of positive energy
 O - a ring of poison resistance
Wands
 L - a wand of paralysis (12)
 P - a wand of quicksilver (2)
Scrolls
 f - 2 scrolls of noise
 g - 2 scrolls of fear
 h - 6 scrolls of teleportation
 j - 3 scrolls of fog
 l - a scroll of identify
 m - 2 scrolls of magic mapping
 n - 2 scrolls of poison
 t - 2 scrolls of vulnerability
 x - a scroll of enchant armour
 y - a scroll of blinking
 D - 3 scrolls of amnesia
 H - a scroll of enchant weapon {unknown}
 Q - 3 scrolls of immolation
Potions
 e - 4 potions of attraction
 i - 4 potions of cancellation
 o - a potion of experience {unknown}
 s - 2 potions of magic
 u - a potion of berserk rage
 v - 3 potions of brilliance
 w - 2 potions of resistance
 A - 2 potions of might
 B - 6 potions of flight
 C - 2 potions of mutation
 G - 7 potions of ambrosia
 J - 6 potions of curing


   Skills:
 + Level 8.9 Fighting
 * Level 14.9 Ranged Weapons
 + Level 13.5 Dodging
 - Level 1.5 Stealth


You had 11 spell levels left.
You didn't know any spells.
Your spell library contained the following spells:

 Spells                   Type           Power      Damage    Failure   Level
 Blink                    Tloc           0%         N/A       58%         2
 Ensorcelled Hibernation  Hex/Ice        0%         N/A       58%         2
 Passwall                 Tmut/Erth      0%         N/A       58%         2
 Inner Flame              Hex/Fire       0%         N/A       83%         3
 Portal Projectile        Hex/Tloc       0%         N/A       83%         3
 Swiftness                Air            0%         N/A       83%         3
 Tukima's Dance           Hex            0%         N/A       83%         3
 Cause Fear               Hex            0%         N/A       99%         4
 Leda's Liquefaction      Hex/Erth       0%         N/A       99%         4
 Manifold Assault         Tloc           0%         N/A       99%         4
 Blade Hands              Tmut           0%         N/A       100%        5
 Lee's Rapid Deconstruct  Erth           0%         3d4*      100%        5
 Statue Form              Tmut/Erth      0%         N/A       100%        6
 Storm Form               Tmut/Air       0%         N/A       100%        7
 Discord                  Hex            0%         N/A       100%        8


Dungeon Overview and Level Annotations

Branches:
Dungeon (11/15)            Temple (0/1) D:7            Lair (0/5) D:10
  Sewer (visited)
    Orc: D:9-12

Altars:
Dithmenos
Fedhas
Makhleb
Nemelex Xobeh
Ru
Trog
Wu Jian
Yredelemnul

Shops:
D:4 =   D:6 !*(


Innate Abilities, Weirdness & Mutations

You are very small and have problems with some larger weapons.
You are too small for most types of armour.
You have supernaturally acute eyesight. (SInv)
You cover ground extremely quickly. (Speed+++)


Message History

The troll is almost dead.
The troll completely misses you. The troll misses you. x2
You shoot an arrow. The arrow hits the troll!
You kill the troll!
Dithmenos accepts your kill.
You shoot an arrow. The arrow hits the white ugly thing!
The white ugly thing is lightly wounded.
You shoot an arrow. The arrow hits the white ugly thing!
The white ugly thing is moderately wounded.
You shoot an arrow.
The arrow closely misses the white ugly thing.
You shoot an arrow.
The arrow hits the white ugly thing but does no damage.
The white ugly thing is moderately wounded.
The white ugly thing completely misses you.
You shoot an arrow.
The arrow hits the white ugly thing but does no damage.
The white ugly thing is moderately wounded.
The white ugly thing completely misses you.
You shoot an arrow.
The arrow closely misses the white ugly thing.
The white ugly thing completely misses you.
You shoot an arrow.
The arrow closely misses the white ugly thing.
Your shadow shoots an arrow.
The arrow hits the white ugly thing but does no damage.
The white ugly thing misses you.
You shoot an arrow.
The arrow hits the white ugly thing but does no damage.
The white ugly thing is moderately wounded.
You shoot an arrow. The arrow hits the white ugly thing!
The white ugly thing is moderately wounded.
The white ugly thing headbutts you. The white ugly thing freezes you!!
You shoot an arrow. The arrow hits the white ugly thing!
The white ugly thing is heavily wounded.
The white ugly thing misses you.
You shoot an arrow.
The arrow barely misses the white ugly thing.
The white ugly thing headbutts you! The white ugly thing freezes you!!
You die...

#.....### #.........
#.....'.######..<......
#.....#......+.........
##'###########...(.....
#...# #......... ###.#
#......... #.# #####+####
#.### #.,,* #..@# ##.#####
****###u#** #......#
***,,,,,....* *###......##
*,,,*,,.....# *>.(......#.
**,*,,,......#**,*#........
*,,,,*####...#*,,*#......##
*,,,,,***....',,**#......#
*,,*,,,*,..#.#.** #......#
*,,**,,,,,**,,,* ########


You could see a white ugly thing.

Vanquished Creatures
  2 boulder beetles (D:10)
  4 two-headed ogres
  Urug (D:10)
  A manticore (D:8)
  Maurice (D:8)
  2 kobold demonologists
  A gargoyle (D:10)
  A komodo dragon (D:10)
  A queen bee (D:10)
  5 trolls
  A merfolk (D:8)
  10 yaks
  3 wyverns (D:8)
  2 wraiths
  A hog (D:8)
  A steam dragon (D:5)
  2 vampire mosquitoes
  Grum (D:11)
  9 black bears
  5 orc warriors
  2 sky beasts
  4 ogres
  4 wolves (D:11)
  2 centaurs
  2 phantoms
  6 kobold brigands
  4 gnoll sergeants
  2 scorpions
  11 bullfrogs
  2 necrophages
  8 wights
  34 killer bees
  8 electric eels (D:8)
  10 howler monkeys
  3 jellies
  6 gnoll boudas
  7 hounds
  12 orc priests
  4 iguanas
  18 orc wizards
  10 gnolls
  17 adders
  5 river rats (Sewer)
  A shadow imp (D:5)
  A white imp (D:5)
  2 ufetubi
  3 worms
  4 dart slugs
  43 orcs
  17 ball pythons
  13 bats
  8 endoplasms
  7 giant cockroaches
  8 goblins
  12 hobgoblins
  8 jackals
  3 quokkas
  5 frilled lizards
  28 kobolds
  5 rats
403 creatures vanquished.

Vanquished Creatures (others)
  98 plants
98 creatures vanquished.

Grand Total: 501 creatures vanquished

Notes
Turn   | Place    | Note
-------+----------+-------------------------------------------
     0 | D:1      | cforsyth the Spriggan Hunter began the quest for the Orb.
     0 | D:1      | Reached XP level 1. HP: 10/10 MP: 2/2
   143 | D:1      | Reached XP level 2. HP: 15/15 MP: 3/3
   278 | D:1      | Reached XP level 3. HP: 18/18 MP: 4/4
   868 | D:2      | Identified the +4 spear "Zelysh" {heavy, rElec rF- Str+3}
   876 | D:2      | Identified the +1 leather armour of the Fletcher {-Tele
                  | rC++ Will+ Slay+2}
  1032 | D:2      | Reached XP level 4. HP: 23/23 MP: 5/5
  1591 | D:3      | Found a faded altar of an unknown god.
  1591 | D:3      | Found a blossoming altar of Fedhas.
  1599 | D:3      | Found a faded altar of an unknown god.
  1601 | D:3      | Found a shadowy altar of Dithmenos.
  1603 | D:3      | Found a sparkling altar of Nemelex Xobeh.
  1633 | D:3      | Reached skill level 5 in Ranged Weapons
  2275 | D:4      | Reached XP level 5. HP: 26/27 MP: 6/6
  2575 | D:4      | Reached skill level 6 in Ranged Weapons
  2575 | D:4      | Reached XP level 6. HP: 16/32 MP: 7/7
  2673 | D:4      | Reached skill level 5 in Dodging
  2817 | D:4      | Reached XP level 7. HP: 30/36 MP: 8/8
  2963 | D:4      | Found Cunkuos's Jewellery Emporium.
  3332 | D:5      | Entered Level 5 of the Dungeon
  3457 | D:5      | Reached skill level 7 in Ranged Weapons
  3567 | D:5      | Noticed a steam dragon
  3687 | D:5      | Killed a steam dragon
  3840 | D:5      | Reached XP level 8. HP: 42/42 MP: 9/9
  4096 | D:5      | You fall into a shaft and drop 1 floor!
  4160 | D:6      | Reached skill level 8 in Ranged Weapons
  4191 | D:6      | Found a burning altar of Makhleb.
  4404 | D:6      | Found Lierac's Antique Weapon Boutique.
  4490 | D:6      | Found an ornate altar of the Wu Jian Council.
  4541 | D:6      | Found Puonwoim's Distillery.
  4606 | D:6      | Found Zuogiss's Assorted Antiques.
  4735 | D:6      | Found a glowing drain.
  4754 | Sewer    | Entered a sewer
  5673 | D:6      | Bought a scroll labelled BADUHY SEPNIZU for 32 gold pieces
  5673 | D:6      | Bought a cyan potion for 28 gold pieces
  5874 | D:5      | Found a basalt altar of Yredelemnul.
  6041 | D:5      | Reached skill level 9 in Ranged Weapons
  6107 | D:3      | Became a worshipper of Dithmenos the Shadowed
  6238 | D:5      | Reached skill level 5 in Fighting
  6375 | D:5      | Reached XP level 9. HP: 47/47 MP: 10/10
  7646 | D:7      | Reached skill level 10 in Ranged Weapons
  7673 | D:7      | Reached * piety under Dithmenos
  7841 | D:7      | Found a staircase to the Ecumenical Temple.
  8785 | D:8      | Reached skill level 11 in Ranged Weapons
  8794 | D:8      | Reached XP level 10. HP: 39/53 MP: 11/11
  8888 | D:8      | Reached skill level 10 in Dodging
  9406 | D:8      | Noticed Maurice
  9440 | D:8      | Paralysed by Maurice for 2 turns
  9455 | D:8      | Killed Maurice
  9789 | D:8      | Reached ** piety under Dithmenos
 10183 | D:8      | Reached skill level 12 in Ranged Weapons
 10459 | D:8      | Noticed a manticore
 10471 | D:8      | Killed a manticore
 10728 | D:8      | Noticed a two-headed ogre
 10771 | D:8      | Reached XP level 11. HP: 44/58 MP: 12/12
 10918 | D:8      | Killed a two-headed ogre
 11075 | D:8      | Found a bloodstained altar of Trog.
 11182 | D:8      | Reached skill level 13 in Ranged Weapons
 11690 | D:9      | Noticed a two-headed ogre
 11703 | D:9      | Killed a two-headed ogre
 11859 | D:9      | Reached *** piety under Dithmenos
 12206 | D:9      | Found a sacrificial altar of Ru.
 12586 | D:10     | Entered Level 10 of the Dungeon
 12937 | D:10     | Reached **** piety under Dithmenos
 13016 | D:10     | Noticed Urug
 13060 | D:10     | Killed Urug
 13147 | D:10     | Noticed a two-headed ogre
 13156 | D:10     | Killed a two-headed ogre
 13234 | D:10     | Found a staircase to the Lair.
 13458 | D:10     | Reached skill level 14 in Ranged Weapons
 13655 | D:10     | Noticed a boulder beetle
 14132 | D:11     | Noticed a two-headed ogre
 14648 | D:11     | Noticed a boulder beetle
 15228 | D:10     | Killed a boulder beetle
 15303 | D:10     | Reached XP level 12. HP: 55/65 MP: 13/13
 15373 | D:10     | Killed a boulder beetle
 15797 | D:11     | Killed a two-headed ogre
 15797 | D:11     | Reached ***** piety under Dithmenos
 15805 | D:11     | Noticed Grum
 15840 | D:11     | Killed Grum
 15994 | D:11     | Slain by a white ugly thing

Illustrated notes

Levels and vault maps discovered:
D:1:      tarquinn_simple_flora_water_d, layout_basic, minmay_tiny_reverse_x
D:2:      layout_loops_corners
D:3:      layout_basic, chequers_temple_overflow_minitemple
D:4:      layout_loops_ring, serial_shops, kennysheep_mini,
          hangedman_feature_mirror, grunt_ministairs_1,
          kennysheep_generic_room_12
D:5:      layout_basic, mainiacjoe_overflow_24_doors, minmay_starry_boxes
D:6:      layout_loops_ring, nzn_wu_jian_contemplation,
          makhleb_heckhound_becter, cheibrodos_sewer_entry_bend, serial_shops,
          shop, nicolae_shop_crystal, shop, serial_rivers,
          chequers_serial_rivers_micro_e, chequers_serial_rivers_room_a,
          chequers_serial_rivers_micro_c, chequers_serial_rivers_large_b
D:7:      layout_basic, minmay_temple_entry_tees
D:8:      kennysheep_town, uniq_maurice
D:9:      layout_basic, nicolae_ru_great_annihilating_truth,
          wad_floor_pattern_untrapped
D:10:     layout_stronghold, david_lair_shrubbed, uniq_urug
D:11:     layout_roguey [special_room_bee], minmay_circle_x, uniq_grum

Skill      XL: |  1  2  3  4  5  6  7  8  9 10 11 |
---------------+----------------------------------+-----
Dodging        | 3 4 5 6 8 9 11 13 | 13.5
Fighting       | 2 3 4 5 6 7 8 |  8.9
Ranged Weapons | 5 6 7 9 11 12 14 | 14.9
Stealth        | |  1.5

Action                     |  1- 3 |  4- 6 |  7- 9 | 10-12 || total
---------------------------+-------+-------+-------+-------++-------
   Fire: Shortbow          |    90 |   181 |   641 |  1310 ||  2222
    Use: Scroll            |       |       |     8 |    11 ||    19
         Potion            |       |       |       |     1 ||     1
 Armour: Robe              |     1 |    10 |    35 |     5 ||    51
         Troll leather arm |       |       |       |    41 ||    41
  Dodge: Dodged            |    31 |    78 |   457 |  1344 ||  1910

Table legend: (Time is in decaauts)
 A = Elapsed time spent in this place.
 B = Non-inter-level travel time spent in this place.
 C = Inter-level travel time spent in this place.
 D = Time resting spent in this place.
 E = Time spent auto-exploring this place.
 F = Levels seen in this place.
 G = Mean time per level.
                   A        B        C        D        E       F      G
               +--------+--------+--------+--------+--------+-----+--------+
         Total |  12027 |  11511 |    516 |   1864 |   5824 |  12 | 1002.2 |
       Dungeon |  11247 |  10731 |    516 |   1762 |   5401 |  11 | 1022.5 |
         Sewer |    779 |    779 |      0 |    102 |    422 |   1 |  779.0 |
               +--------+--------+--------+--------+--------+-----+--------+

Top non-repeatable levels by time:
     D:8: 2380 daAuts
    D:10: 1911 daAuts
     D:7: 1177 daAuts
     D:6: 1159 daAuts
     D:5: 915 daAuts
     D:4: 837 daAuts
   Sewer: 779 daAuts
     D:9: 755 daAuts
     D:3: 664 daAuts
    D:11: 501 daAuts
     D:2: 478 daAuts
     D:1: 465 daAuts
